 Dungeon Crawl Stone Soup version 0.26.1-2-gb8aa6d0cf2 (webtiles) character file.

Game seed: 3216405990992991736

12427 Amaterasu the Whirler (level 12, -9/82 HPs)
             Began as a Halfling Hunter on Feb 17, 2021.
             Was an Elder of Okawaru.
             Mangled by a manticore (10 damage)
             ... on level 11 of the Dungeon.
             The game lasted 00:20:40 (13236 turns).

Amaterasu the Whirler (Halfling Hunter)            Turns: 13236, Time: 00:20:41

Health: -9/82      AC: 11    Str: 14    XL:     12   Next: 20%
Magic:  0/16       EV: 13    Int: 16    God:    Okawaru [****..]
Gold:   707        SH:  0    Dex: 25    Spells: 11/11 levels left

rFire    . . .     SeeInvis .   I - +6 short sword (elec)
rCold    . . .     Faith    .   (shield restricted)
rNeg     . . .     Spirit   +   y - +1 chain mail {rPois}
rPois    +         Reflect  .   (no helmet)
rElec    .         Harm     .   (no cloak)
rCorr    +         Rampage  .   (no gloves)
Will     .....                  (no boots)
Stlth    ..........             D - amulet "Pemiacwe" {Spirit Int+7}
HPRegen  0.23/turn              o - ring of resist corrosion
MPRegen  0.15/turn              n - +6 ring of dexterity

@: confused, barbed spikes
A: small, mutation resistance 1
a: Renounce Religion, Heroism


You were on level 11 of the Dungeon.
You worshipped Okawaru.
Okawaru was greatly pleased with you.
You visited 2 branches of the dungeon, and saw 12 of its levels.
You also visited: Bailey.

You collected 707 gold pieces.

Inventory:

Hand Weapons
 a - a +2 hunting sling
 b - a +0 short sword
 I - a +6 short sword of electrocution (weapon)
Missiles
 d - 81 sling bullets
 r - 144 stones (quivered)
Armour
 y - a +1 chain mail of poison resistance (worn)
Jewellery
 g - a +4 ring of evasion
 n - a +6 ring of dexterity (right hand)
 o - a ring of resist corrosion (left hand)
 s - an uncursed ring of magical power
 v - a +6 ring of intelligence
 D - the amulet "Pemiacwe" (around neck) {Spirit Int+7}
   (You found it on level 8 of the Dungeon)

   [amulet of guardian spirit]

   It causes incoming damage to be split between your health and magic.
   It affects your intelligence (+7).
Wands
 j - a wand of polymorph (10)
 x - a wand of iceblast (1)
 A - a wand of enslavement (16)
 B - a wand of random effects (17)
 G - a wand of flame (15)
 H - a wand of disintegration (11)
 L - a wand of acid (7)
Scrolls
 h - 5 scrolls of remove curse
 k - 4 scrolls of teleportation
 p - 3 scrolls of enchant weapon
 t - a scroll of magic mapping
 E - 2 scrolls of fear
 J - a scroll of amnesia
Potions
 e - 2 potions of mutation
 f - 4 potions of might
 i - a potion of resistance
 l - 2 potions of invisibility
 m - 4 potions of curing
 q - a potion of haste
 u - 2 potions of cancellation
 w - a potion of flight
 z - 4 potions of lignification
 C - a potion of attraction
 K - a potion of brilliance {unknown}
 M - a potion of berserk rage {unknown}
Miscellaneous
 F - a phial of floods


   Skills:
 - Level 8.0 Fighting
 * Level 4.4 Short Blades
 - Level 16.0 Slings
 - Level 7.0 Armour
 * Level 7.0 Dodging
 - Level 1.1 Stealth
 * Level 6.0 Invocations
 * Level 5.0 Evocations


You had 11 spell levels left.
You didn't know any spells.
Your spell library contained the following spells:

 Spells                   Type           Power        Failure   Level
 Magic Dart               Conj           0%           99%         1
 Sting                    Tmut/Pois      0%           99%         1
 Poisonous Vapours        Pois/Air       0%           100%        2
 Searing Ray              Conj           0%           100%        2
 Dazzling Flash           Conj/Hex       0%           100%        3
 Ignite Poison            Fire/Tmut/Pois 0%           100%        3
 Mephitic Cloud           Conj/Pois/Air  0%           100%        3
 Fulminant Prism          Conj/Hex       0%           100%        4
 Iskenderun's Mystic Bla  Conj/Tloc      0%           100%        4
 Olgreb's Toxic Radiance  Pois           0%           100%        4


Dungeon Overview and Level Annotations

Branches:
Dungeon (11/15)            Temple (1/1) D:7            Lair (0/6) D:11
    Orc (0/2) D:10         Bailey (visited)

Altars:
Ashenzari
Cheibriados
Dithmenos
Elyvilon
Fedhas
Gozag
Hepliaklqana
Kikubaaqudgha
Makhleb
Nemelex Xobeh
Okawaru
Qazlal
Ru
Sif Muna
Trog
Uskayaw
Vehumet
Xom
Yredelemnul
Zin
The Shining One

Shops:
D:4 [   D:5 !   D:10 (


Innate Abilities, Weirdness & Mutations

You are small and have problems with some larger weapons.
You are somewhat resistant to further mutation.


Message History

* * * LOW HITPOINT WARNING * * *
The manticore misses you. The manticore barely misses you.
You hit the manticore.
The manticore is severely wounded.
The manticore barely misses you. The manticore claws you!
* * * LOW HITPOINT WARNING * * *
The manticore claws you.
* * * LOW HITPOINT WARNING * * *
You are confused.
You feel invigorated. The manticore barely misses you. The manticore claws you.
* * * LOW HITPOINT WARNING * * *
The manticore claws you but does no damage.
The barbs in your skin will harm you if you move.
Continue?
Okay, then.
The barbs in your skin will harm you if you move.
Continue?
Okay, then.
The manticore bites you!!
* * * LOW HITPOINT WARNING * * *
The manticore claws you!
You die...

#$.≈...≈.########*#.##,,,,,,,,,,
#..≈≈≈≈≈.)[[....# #..#*********,
##.......######.# ##†## *,
#.......######.####..##########
#.....................)......[.
#.......######.#####..#####.###
###.......# ####.# ##.# #.#
..........###....# #.#* #.#
....###.........@#****#..* #.#
....**#.#####...#H((((...# #.#
...,,....,,,#####(#####..#* #.#
..........,,,,,,,(#***#...* #.###
,..........,*****((,,,,,*,***,*#.
*###########* *,,.(,,,,,,,,**,*#.
*,,,,,,,* *,,...,,,,,*,**,*#.
*,,,,,,,* *,,.(.,,,,,*,,*,*##
*,,,,,,,* ***,*********,*,*


You could see a manticore.

Vanquished Creatures
  Josephine (D:10)
  Erica (D:9)
  3 two-headed ogres
  A manticore (D:11)
  An ugly thing (D:11)
  A cyclops (D:9)
  Maurice (D:9)
  2 trolls (D:11)
  A hornet (D:11)
  Prince Ribbit (D:9)
  A shadow (D:11)
  4 wraiths (D:10)
  A wyvern (D:10)
  A basilisk (D:10)
  Menkaure (D:7)
  Duvessa (D:7)
  A water moccasin (D:7)
  6 orc warriors
  4 sky beasts
  2 black bears
  An ice beast (D:9)
  4 ogres
  A phantom (D:5)
  2 centaurs
  3 big kobolds
  7 bullfrogs
  A wyvern zombie (D:11)
  A wyvern skeleton (D:9)
  4 scorpions
  Dowan (D:7)
  11 killer bees
  7 howler monkeys
  12 wights
  A quasit (D:5)
  5 hounds
  4 orc priests
  4 jellies
  A centaur skeleton (D:5)
  A bullfrog skeleton (D:10)
  2 iguanas
  11 orc wizards
  Terence (D:3)
  10 worker ants
  A howler monkey zombie (D:8)
  12 gnolls
  8 adders
  2 shadow imps
  2 white imps
  An ufetubus (D:10)
  4 oozes
  2 worms
  2 adder skeletons (D:9)
  An adder zombie (D:7)
  A dart slug (D:1)
  7 leopard geckos
  33 orcs
  5 bats
  4 giant cockroaches (D:1)
  5 hobgoblins
  10 jackals
  36 kobolds
  3 quokkas
  2 ball pythons
  7 frilled lizards
  9 goblins
  2 leopard gecko skeletons
  A quokka zombie (D:8)
  10 rats
300 creatures vanquished.

Vanquished Creatures (others)
  A sky beast (D:9)
  2 kobolds (D:6)
  16 plants (D:6)
19 creatures vanquished.

Grand Total: 319 creatures vanquished

Notes
Turn   | Place    | Note
-------+----------+-------------------------------------------
     0 | D:1      | Amaterasu the Halfling Hunter began the quest for the Orb.
     0 | D:1      | Reached XP level 1. HP: 14/14 MP: 1/1
    63 | D:1      | Reached skill level 6 in Slings
    71 | D:1      | Reached XP level 2. HP: 19/19 MP: 2/2
    83 | D:1      | Reached skill level 7 in Slings
    83 | D:1      | Reached XP level 3. HP: 24/24 MP: 3/3
   745 | D:2      | Reached XP level 4. HP: 23/29 MP: 4/4
   928 | D:2      | Reached skill level 8 in Slings
  1284 | D:2      | Found a blossoming altar of Fedhas.
  1360 | D:2      | Found a shadowy altar of Dithmenos.
  1385 | D:2      | Found an ancient bone altar of Kikubaaqudgha.
  1819 | D:3      | Found a broken altar of Ashenzari.
  1886 | D:3      | Reached XP level 5. HP: 30/34 MP: 5/5
  2042 | D:3      | Found a faded altar of an unknown god.
  2439 | D:3      | Found a glowing golden altar of the Shining One.
  2798 | D:3      | Noticed Terence
  2802 | D:3      | Killed Terence
  2803 | D:3      | Reached skill level 9 in Slings
  3017 | D:4      | Reached XP level 6. HP: 39/39 MP: 6/6
  3064 | D:4      | Reached skill level 10 in Slings
  3070 | D:4      | Found a radiant altar of Vehumet.
  3184 | D:4      | Found Qorchokh's Antique Armour Boutique.
  3547 | D:4      | Found a burning altar of Makhleb.
  3671 | D:5      | Entered Level 5 of the Dungeon
  3696 | D:5      | Found Fian's Distillery.
  3709 | D:5      | Reached skill level 11 in Slings
  3709 | D:5      | Reached XP level 7. HP: 40/44 MP: 7/7
  4087 | D:5      | Reached skill level 12 in Slings
  4358 | D:5      | Reached skill level 1 in Armour
  4362 | D:5      | Reached skill level 1 in Evocations
  4362 | D:5      | Reached XP level 8. HP: 46/51 MP: 8/8
  5875 | D:6      | Reached XP level 9. HP: 51/60 MP: 9/9
  5939 | D:6      | Found a broken altar of Ashenzari.
  5981 | D:6      | Reached skill level 5 in Fighting
  6583 | D:7      | Reached skill level 5 in Dodging
  6816 | D:7      | Noticed Menkaure
  6823 | D:7      | Killed Menkaure
  6966 | D:7      | Noticed Dowan
  6970 | D:7      | Noticed Duvessa
  6981 | D:7      | Killed Dowan
  6982 | D:7      | Killed Duvessa
  6984 | D:7      | Found a staircase to the Ecumenical Temple.
  7009 | Temple   | Entered the Ecumenical Temple
  7019 | Temple   | Became a worshipper of Warmaster Okawaru
  7078 | D:7      | Found a sparkling altar of Nemelex Xobeh.
  7303 | D:7      | Found a bloodstained altar of Trog.
  7555 | D:7      | Found a shimmering altar of Xom.
  7568 | D:7      | Found a shimmering altar of Xom.
  7735 | D:8      | Noticed a two-headed ogre
  7746 | D:8      | Killed a two-headed ogre
  7746 | D:8      | Reached * piety under Okawaru
  7747 | D:8      | Reached skill level 13 in Slings
  7747 | D:8      | Reached skill level 1 in Invocations
  7747 | D:8      | Reached XP level 10. HP: 56/71 MP: 9/11
  8423 | D:8      | Found a sacrificial altar of Ru.
  8600 | D:8      | Got a twitching tin amulet
  8728 | D:8      | Found a bloodstained altar of Trog.
  9389 | D:9      | Noticed Prince Ribbit
  9412 | D:9      | Reached skill level 14 in Slings
  9500 | D:9      | Killed Prince Ribbit
  9622 | D:9      | Noticed a cyclops
  9633 | D:9      | Killed a cyclops
  9633 | D:9      | Noticed Maurice
  9650 | D:9      | Noticed Erica
  9681 | D:9      | Killed Erica
  9681 | D:9      | Reached ** piety under Okawaru
  9682 | D:9      | Reached skill level 15 in Slings
  9697 | D:9      | Killed Maurice
  9698 | D:9      | Reached XP level 11. HP: 37/77 MP: 13/13
  9863 | D:9      | Reached skill level 16 in Slings
 10823 | D:9      | Identified the amulet "Pemiacwe" {Spirit Int+7} (You found
                  | it on level 8 of the Dungeon)
 10827 | D:10     | Entered Level 10 of the Dungeon
 10928 | D:10     | Noticed a two-headed ogre
 11151 | D:10     | Reached skill level 1 in Short Blades
 11293 | D:10     | Reached *** piety under Okawaru
 11391 | D:10     | Noticed Josephine
 11423 | D:10     | Killed Josephine
 11423 | D:10     | Received a gift from Okawaru
 11424 | D:10     | Reached skill level 5 in Armour
 11424 | D:10     | Reached skill level 5 in Invocations
 11708 | D:10     | Found a staircase to the Orcish Mines.
 11708 | D:10     | Found Erokhli's Weapon Emporium.
 11731 | D:10     | Killed a two-headed ogre
 11782 | D:10     | Received a gift from Okawaru
 12438 | D:11     | Noticed a green ugly thing
 12463 | D:11     | Killed a green ugly thing
 12564 | D:11     | Noticed a manticore
 12581 | D:11     | Killed a manticore
 12724 | D:11     | Reached **** piety under Okawaru
 12817 | D:11     | Reached XP level 12. HP: 52/82 MP: 14/16
 12830 | D:11     | Noticed a two-headed ogre
 12842 | D:11     | Killed a two-headed ogre
 12859 | D:11     | Found a flagged portal.
 12891 | D:11     | Reached skill level 5 in Evocations
 12911 | Bailey   | Entered a bailey
 13236 | D:11     | HP: 1/82 [manticore (12)]
 13236 | D:11     | Mangled by a manticore

Illustrated notes

Levels and vault maps discovered:
D:1:      saegor_arrival_simple_e, layout_loops_ring, st_stairs_12
D:2:      cheibrodos_helix_gallery, layout_basic, general_overflow_altar,
          grunt_dithmenos_smoke_and_mirrors, nicolae_overflow_crystal_walls
D:3:      layout_loops_ring, cheibrodos_ashenzari_chains,
          chequers_ecumenical_altar_lobes, tso_metal_star, uniq_terence
D:4:      wad_pebble_path, layout_basic, vehumet_crystals, serial_shops,
          shop_statue, makhleb_heckhound_becter
D:5:      layout_cave_pools, serial_shops, kennysheep_little_box,
          nrook_loot_triangle
D:6:      kennysheep_kobold_camp, layout_loops_corners, basic_altar,
          chequers_serial_rivers_marsh
D:7:      layout_loops_ring, lemuel_doored_altar,
          nemelex_xobeh_ov_fountains_minmay, xom_teletrap_fun,
          minmay_temple_entry_waves, basic_altar, uniq_duvessa, uniq_menkaure
D:8:      layout_layer_cave, nicolae_ru_great_annihilating_truth,
          trog_hazing_becter
D:9:      layout_rooms, uniq_maurice, uniq_erica, uniq_prince_ribbit1
D:10:     layout_loops_ring, orc_david_3, uniq_josephine
D:11:     layout_basic, dpeg_oklobed_lair, basic_altar, enter_bailey_5,
          trove_entry_hex_spiral, serial_shops, shop
Temple:   cyrus_circular_temple

Skill      XL: |  1  2  3  4  5  6  7  8  9 10 11 12 |
---------------+-------------------------------------+-----
Slings         | 6 7 8 9 11 12 13 15 16 | 16.0
Fighting       | 2 4 7 8 |  8.0
Armour         | 1 3 6 7 |  7.0
Evocations     | 1 2 3 4 5 |  5.0
Dodging        | 3 5 6 7 |  7.0
Invocations    | 1 3 5 6 |  6.0
Short Blades   | 3 4 |  4.4
Stealth        | |  1.1

Action                   |  1- 3 |  4- 6 |  7- 9 | 10-12 || total
-------------------------+-------+-------+-------+-------++-------
Melee: Hunting sling     |       |       |     1 |     3 ||     4
       Short sword       |       |       |       |    73 ||    73
       Punch             |       |       |       |     3 ||     3
 Fire: Hunting sling     |    58 |   170 |   498 |   743 ||  1469
Invok: Heroism           |       |       |       |     7 ||     7
Evoke: Wand              |       |       |       |     8 ||     8
  Use: Scroll            |     7 |     6 |     6 |     5 ||    24
       Potion            |       |       |       |     6 ||     6
Armor: Leather armour    |     1 |     2 |       |       ||     3
       Ring mail         |       |     5 |    17 |       ||    22
       Chain mail        |       |       |    42 |   112 ||   154
Dodge: Dodged            |     9 |    20 |    82 |   234 ||   345
